 Dungeon Crawl Stone Soup version 0.13.2 (webtiles) character file.

959 sanboga the Shield-Bearer (level 7, -4/60 HPs)
             Began as a Minotaur Fighter on Feb 25, 2017.
             Was a Follower of Trog.
             Slain by a manticore (7 damage)
             ... on Level 6 of the Dungeon.
             The game lasted 00:19:34 (4813 turns).

sanboga the Shield-Bearer (Minotaur Fighter)        Turns: 4813, Time: 00:19:34

HP  -4/60        AC  7     Str 20      XL: 7   Next: 36%
MP   0/2         EV 10     Int  5      God: Trog [*.....]
Gold 271         SH 21     Dex 12      Spells:  0 memorised,  6 levels left

Res.Fire  : . . .   See Invis. : .   e - +3,+0 spear (pierce)
Res.Cold  : . . .   Warding    : .   b - +0 scale mail
Life Prot.: . . .   Conserve   : .   c - +0 shield
Res.Poison: .       Res.Corr.  : .   (helmet restricted)
Res.Elec. : .       Clarity    : .   (no cloak)
Sust.Abil.: . .     Spirit.Shd : +   (no gloves)
Res.Mut.  : .       Rnd.Telep. : +   (no boots)
Res.Rott. : .       Flight     : .   s - amulet of guardian spirit
Saprovore : . . .                    n - +3 ring of evasion
                                     l - ring of teleportation

@: slightly resistant to hostile enchantments, extremely unstealthy
A: retaliatory headbutt, horns 2
a: Burn Spellbooks, Berserk, Renounce Religion, Evoke Teleportation


You were on level 6 of the Dungeon.
You worshipped Trog.
Trog was aware of your devotion.
You were not hungry.

You visited 1 branch of the dungeon, and saw 6 of its levels.

You collected 251 gold pieces.

Inventory:

Hand weapons
 a - a +0,+0 hand axe {=f}
 e - a +3,+0 spear of piercing (weapon)
 o - a +3,+1 dwarven hand axe
 u - a +0,+0 scythe
Missiles
 f - 62 darts (quivered)
Armour
 b - a +0 scale mail (worn)
 c - a +0 shield (worn)
Magical devices
 j - a wand of teleportation (0)
 q - a wand of random effects (4)
Comestibles
 h - an orange
 k - a rambutan
 w - a meat ration
 z - an apple
 B - a bread ration
Scrolls
 d - a scroll of identify
 g - 2 scrolls of teleportation
 x - 2 scrolls of remove curse
 y - a scroll of fear {unknown}
Jewellery
 l - a ring of teleportation (left hand)
 n - a +3 ring of evasion (right hand)
 s - an amulet of guardian spirit (around neck)
 t - an uncursed ring of protection from cold
Potions
 i - 2 potions of might
 m - 9 potions of curing
 p - 2 potions of invisibility {unknown}
 r - 2 potions of heal wounds
 v - 2 potions of flight {unknown}
 A - a potion of restore abilities
 C - a potion of berserk rage {unknown}
 D - a potion of poison {unknown}


   Skills:
 + Level 4.6 Fighting
 + Level 2.6 Axes
 + Level 3.1 Polearms
 + Level 5.8 Armour
 + Level 4.4 Dodging
 + Level 6.4 Shields
 + Level 0.2 Evocations


You had 6 spell levels left.
You didn't know any spells.

Dungeon Overview and Level Annotations

Branches:
Dungeon (6/27)             Temple (0/1) D:4
    Orc: D:6-11

Altars:
Fedhas
Sif Muna
Trog
Vehumet
the Shining One

Shops:
D:5 }


Innate Abilities, Weirdness & Mutations

You reflexively headbutt those who attack you in melee.
You have a pair of horns on your head.


Message History

You block the crimson imp's attack. The manticore bites you.
* * * LOW HITPOINT WARNING * * *
The manticore claws you.
* * * LOW HITPOINT WARNING * * *
The manticore barely misses you.
There is a stone staircase leading down here.
The manticore bites you!
* * * LOW HITPOINT WARNING * * *
You block the manticore's attack.
The manticore claws you but does no damage.
The crimson imp hits you but does no damage.
You climb downwards.
A hobgoblin and an ogre come into view.
The ogre shouts!
The hobgoblin shouts!
You hear a shout!
You hear a shout!
You hear a shout!
Found 18 gold pieces.
There is a stone staircase leading up here.
You can't go down here!
You block the crimson imp's attack. The manticore bites you!
You die...

####
#.g
#H#
#@#
#5#
O.#
####


You could see a manticore, an ogre, a crimson imp and a hobgoblin.

Vanquished Creatures
  2 centaurs (D:5)
  Sigmund (D:3)
  A water moccasin (D:3)
  A crimson imp (D:5)
  An orc priest (D:4)
  2 hounds
  2 worker ants (D:4)
  Jessica (D:2)
  Terence (D:3)
  7 adders
  2 giant mites
  A worm (D:2)
  3 giant eyeballs (D:5)
  7 giant geckos
  19 orcs
  A bat zombie (D:5)
  8 giant cockroaches
  11 goblins
  6 hobgoblins
  6 kobolds
  2 ball pythons (D:2)
  9 bats
  2 giant newts
  A goblin skeleton (D:4)
  2 jackals (D:4)
  A kobold zombie (D:5)
  7 rats
107 creatures vanquished.

Notes
Turn   | Place    | Note
--------------------------------------------------------------
     0 | D:1      | sanboga, the Minotaur Fighter, began the quest for the Orb.
     0 | D:1      | Reached XP level 1. HP: 19/19 MP: 0/0
   165 | D:1      | Reached XP level 2. HP: 26/26 MP: 0/0
   326 | D:1      | Reached skill level 4 in Fighting
   760 | D:2      | Reached XP level 3. HP: 30/33 MP: 1/1
   795 | D:2      | Reached skill level 1 in Dodging
   819 | D:2      | Reached skill level 1 in Polearms
  1066 | D:2      | Noticed Jessica
  1073 | D:2      | Killed Jessica
  1073 | D:2      | Reached XP level 4. HP: 35/40 MP: 1/1
  1160 | D:2      | Found a blossoming altar of Fedhas.
  1161 | D:2      | Found a glowing golden altar of the Shining One.
  1164 | D:2      | Found a bloodstained altar of Trog.
  1196 | D:2      | Became a worshipper of Trog the Wrathful
  1996 | D:3      | Reached skill level 5 in Shields
  2075 | D:3      | Noticed Sigmund
  2077 | D:3      | Noticed Terence
  2096 | D:3      | Killed Terence
  2096 | D:3      | Reached XP level 5. HP: 23/46 MP: 1/1
  2183 | D:3      | Killed Sigmund
  2411 | D:3      | Acquired Trog's first power
  2411 | D:3      | Reached skill level 5 in Armour
  2411 | D:3      | Reached XP level 6. HP: 51/53 MP: 2/2
  2513 | D:3      | Found a deep blue altar of Sif Muna.
  2763 | D:4      | Found a radiant altar of Vehumet.
  2811 | D:4      | Found a staircase to the Ecumenical Temple.
  4163 | D:5      | Entered Level 5 of the Dungeon
  4250 | D:5      | Paralysed by a giant eyeball for 3 turns
  4455 | D:5      | Paralysed by a giant eyeball for 3 turns
  4468 | D:5      | Reached skill level 6 in Shields
  4468 | D:5      | Reached XP level 7. HP: 30/60 MP: 1/2
  4691 | D:5      | Found Emimeile's Gadget Boutique.
  4789 | D:5      | Noticed a manticore
  4811 | D:5      | HP: 2/60 [manticore (7)]
  4813 | D:6      | Slain by a manticore

Action                   |  1- 3 |  4- 6 |  7- 9 || total
-------------------------+-------+-------+-------++-------
Melee: Spear             |    82 |   214 |    72 ||   368
       Hand axe          |     3 |       |       ||     3
Evoke: Wand              |       |     1 |       ||     1
  Use: Potion            |     4 |     2 |       ||     6
       Scroll            |       |     9 |       ||     9
